 Dungeon Crawl Stone Soup version 0.21-a0-509-gecc5317 (webtiles) character file.

74 slep the Chopper (level 4, -1/29 HPs)
             Began as a Halfling Gladiator on Dec 1, 2017.
             Slain by a gnoll (3 damage)
             ... on level 2 of the Dungeon.
             The game lasted 00:05:33 (823 turns).

slep the Chopper (Halfling Gladiator)                Turns: 823, Time: 00:05:34

Health: -1/29      AC:  2    Str: 15    XL:     4   Next: 54%
Magic:  4/4        EV: 13    Int:  6    God:
Gold:   149        SH:  0    Dex: 16    Spells: 3/3 levels left

rFire    . . .     SeeInvis .   a - +0 war axe
rCold    . . .     Gourm    .   (shield restricted)
rNeg     . . .     Faith    .   i - +0 scale mail
rPois    .         Spirit   .   c - +0 helmet
rElec    .         Reflect  .   (no cloak)
rCorr    .         Harm     .   (no gloves)
MR       .....                  (no boots)
Stlth    ..........             (no amulet)
HPRegen  0.09/turn              o - -5 ring of protection (curse)
MPRegen  0.09/turn              (no ring)

@: no status effects
A: small, mutation resistance 1
a: no special abilities


You were on level 2 of the Dungeon.
You were not hungry.

You visited 1 branch of the dungeon, and saw 2 of its levels.

You collected 149 gold pieces.

Inventory:

Hand Weapons
 a - a +0 war axe (weapon)
Missiles
 d - 3 throwing nets (quivered)
Armour
 b - a +0 leather armour
 c - a +0 helmet (worn)
 i - a +0 scale mail (worn)
Jewellery
 o - a cursed -5 ring of protection (left hand)
Scrolls
 h - a scroll of remove curse {unknown}
 k - a scroll of identify {unknown}
 p - a scroll of magic mapping {unknown}
 q - a scroll of enchant weapon {unknown}
Potions
 e - a potion of invisibility {unknown}
 g - 2 potions of lignification {unknown}
 j - 2 potions of heal wounds {unknown}
 m - a potion of haste {unknown}
 n - a potion of might {unknown}
Comestibles
 f - 3 bread rations
 l - a royal jelly


   Skills:
 + Level 2.2 Fighting
 + Level 4.1 Axes
 + Level 2.1 Throwing
 + Level 0.5 Armour
 + Level 3.9 Dodging


You had 3 spell levels left.
You didn't know any spells.

Dungeon Overview and Level Annotations

Branches:
Dungeon (2/15)

Altars:


Innate Abilities, Weirdness & Mutations

You are small and have problems with some larger weapons.
You are somewhat resistant to further mutation.


Message History

Things that are here:
a dagger; 3 stones; a kobold corpse You see here a stone.
A goblin and a gnoll come into view.
The goblin shouts!
The gnoll shouts!
You hear a shout!
The goblin unwields an uncursed dagger.
The goblin wields a hunting sling.
The goblin shoots a stone.
The stone hits you but does no damage.
A gnoll comes into view.
You see here 9 gold pieces.
The goblin shoots a stone.
The stone misses you.
The goblin shoots a stone.
The stone hits you.
* * * LOW HITPOINT WARNING * * *
You hit the gnoll.
The gnoll is lightly wounded.
The gnoll hits you.
* * * LOW HITPOINT WARNING * * *
Your scale mail prevents you from hitting the gnoll.
The gnoll is lightly wounded.
The gnoll hits you.
You die...

.....# ........
.....###......## .
........g......####gg
...................
..................
.....>..........#####
....## ##..g.........
....####.....$########.#
.......#.......g@.......
.......#....#(##########
.......#....#.#######
.......#....#........
..........###).......
..#.###...# ##.......
#.#.#.....# .......
#.#.#.....# .......
..........## .......


You could see a gnoll and a goblin.

Vanquished Creatures
  2 adders (D:2)
  2 worms (D:2)
  9 bats
  5 giant cockroaches
  3 goblins
  6 hobgoblins
  4 jackals (D:1)
  A quokka (D:2)
  4 frilled lizards
  9 kobolds
  4 rats
49 creatures vanquished.

Notes
Turn   | Place    | Note
-------+----------+-------------------------------------------
     0 | D:1      | slep the Halfling Gladiator began the quest for the Orb.
     0 | D:1      | Reached XP level 1. HP: 14/14 MP: 1/1
    40 | D:1      | Reached XP level 2. HP: 13/19 MP: 2/2
   262 | D:1      | Reached XP level 3. HP: 20/24 MP: 3/3
   527 | D:2      | Reached XP level 4. HP: 10/29 MP: 4/4
   564 | D:2      | Reached skill level 4 in Axes
   749 | D:2      | Found a faded altar of an unknown god.
   823 | D:2      | Slain by a gnoll

Vault maps used:
D:1:      scummos_arrival_forest, minmay_misc_feat_square, minmay_tetromino_l4
D:2:      chequers_ecumenical_altar_simple

Skill      XL: |  1  2  3  4 |
---------------+-------------+-----
Fighting       | 2 |  2.2
Axes           | 4 |  4.1
Throwing       | |  2.1
Armour         | |  0.5
Dodging        | |  3.9

Action                   |  1- 3 |  4- 6 || total
-------------------------+-------+-------++-------
Melee: War axe           |    75 |    40 ||   115
Armor: Leather armour    |    12 |       ||    12
       Scale mail        |    30 |     6 ||    36
Dodge: Dodged            |   109 |    30 ||   139

Table legend:
 A = Spawn XP
 B = Non-spawn XP
 C = Spawn XP percentage of total XP
 D = Spawn monster count
 E = Non-spawn monster count
 F = Spawn count percentage of total count
 G = Total turns spent on level
                    A         B        C        D         E        F      G
               +---------+---------+-------+---------+---------+-------+---------
         Total |       0 |     107 |   0.0 |       0 |      49 |   0.0 |   823
               +---------+---------+-------+---------+---------+-------+---------
           D:1 |       0 |      40 |   0.0 |       0 |      24 |   0.0 |   406
           D:2 |       0 |      67 |   0.0 |       0 |      25 |   0.0 |   417
               +---------+---------+-------+---------+---------+-------+---------
